 Dungeon Crawl Stone Soup version 0.28-a0-1339-ga5422284a4 (webtiles) character file.

Game seed: 17673301142088712428

3 Goblin1989 the Sneak (level 1, 0/18 HPs)
             Began as a Demonspawn Delver on Dec 28, 2021.
             Slain by an adder (3 damage)
             ... on level 5 of the Dungeon.
             The game lasted 00:00:59 (98 turns).

Goblin1989 the Sneak (Demonspawn Delver)              Turns: 98, Time: 00:00:59

Health: 0/18       AC:  3    Str: 12    XL:     1   Next: 41%
Magic:  1/1        EV: 11    Int: 11    God:
Gold:   16         SH:  0    Dex: 14    Spells: 0/0 levels left

rFire   . . .      SeeInvis .   a - +0 short sword
rCold   . . .      Faith    .   (no shield)
rNeg    . . .      Spirit   .   b - +0 leather armour
rPois   .          Reflect  .   (no helmet)
rElec   .          Harm     .   (no cloak)
rCorr   .          Rampage  .   (no gloves)
Will    .....                   (no boots)
Stlth   +.........              (no amulet)
HPRegen 0.06/turn               (no ring)
MPRegen 0.07/turn               (no ring)

@: very slow
A: no striking features
a: no special abilities


You were on level 5 of the Dungeon.
You visited 1 branch of the dungeon, and saw 2 of its levels.

You collected 16 gold pieces.

Inventory:

Hand Weapons
 a - a +0 short sword (weapon)
Missiles
 h - 23 sling bullets
 j - 15 stones (quivered)
Armour
 b - a +0 leather armour (worn)
 i - a +0 pair of gloves
Wands
 g - a wand of digging (3) {@v3}
Scrolls
 c - 2 scrolls of fog
 d - a scroll of magic mapping
 e - a scroll of fear
Potions
 f - a potion of haste {@q3,}
 k - 2 potions of lignification {unknown}


   Skills:
 - Level 3.0 Fighting
 + Level 1.9 Short Blades
 - Level 1.7 Dodging
 + Level 4.6 Stealth


You couldn't memorise any spells.
You didn't know any spells.
Your spell library contained the following spells:

 Spells                   Type           Power      Damage    Failure   Level
 Apportation              Tloc           0%         N/A       41%         1
 Alistair's Intoxication  Tmut/Pois      0%         N/A       100%        5


Dungeon Overview and Level Annotations

Branches:
Dungeon (5/15)
 Temple: D:4-7

Altars:

Portals:
Sewer: D:5


Message History

There are no items here.
You hear the slow rusting of a drain nearby.
There is a stone staircase leading up here.
You climb upwards.
Found a scroll labelled UPNADUDDIODGH.
There is a stone staircase leading down here.
Unknown command.
The hound skeleton falls through a shaft!
The shaft crumbles and collapses.
You climb downwards.
You hear the sound of rushing water.
There is an entrance to a sewer on this level.
Hurry and find it before the portal rusts away!
There is a stone staircase leading up here.
Unknown command.
You hit the worm.
The worm is moderately wounded.
The worm misses you.
You hit the worm but do no damage.
The worm is lightly wounded.
You hit the worm.
The worm is moderately wounded.
The worm bites you.
You take 3 damage, and have 15/18 hp.
You hit the worm.
The worm is moderately wounded.
The worm closely misses you.
You hit the worm.
The worm is moderately wounded.
You hit the worm.
The worm is heavily wounded.
The worm closely misses you.
You hit the worm.
The worm is heavily wounded.
You barely miss the worm.
The worm is heavily wounded.
The worm barely misses you.
You hit the worm.
The worm is severely wounded.
The worm closely misses you.
You hit the worm.
The worm is almost dead.
You barely miss the worm.
The worm is almost dead.
The worm closely misses you.
You hit the worm but do no damage.
The worm is severely wounded.
You hit the worm.
You kill the worm!
You see here a worm corpse.
Found 2 metallic orange potions.
You now have 16 gold pieces.
k - 2 metallic orange potions An adder comes into view.
You enter the shallow water.
Moving in this stuff is going to be slow.
Found a glowing drain.
The adder hisses angrily.
You closely miss the adder. The adder bites you.
You take 2 damage, and have 15/18 hp.
Your unstable footing causes you to fumble your attack.
The adder bites you.
You are poisoned.
The adder poisons you! The adder misses you.
You take 3 damage, and have 12/18 hp.
Your unstable footing causes you to fumble your attack.
You feel sick. The adder bites you.
You take 3 damage, and have 9/18 hp.
You hit the adder.
The adder is moderately wounded.
You feel sick. The adder bites you.
* * * LOW HITPOINT WARNING * * *
You take 2 damage, and have 7/18 hp.
You hit the adder.
The adder is severely wounded.
You feel sick. The adder barely misses you.
You take 1 damage, and have 6/18 hp.
You closely miss the adder.
The adder is severely wounded.
You feel sick. The adder closely misses you. The adder barely misses you.
You take 1 damage, and have 5/18 hp.
You hit the adder but do no damage.
The adder is severely wounded.
You feel sick. The adder bites you but does no damage.
You take 1 damage, and have 4/18 hp.
You closely miss the adder.
The adder is severely wounded.
You feel sick.
You are no longer poisoned.
The adder barely misses you.
You take 1 damage, and have 3/18 hp.
Your unstable footing causes you to fumble your attack.
The adder closely misses you. The adder bites you.
* * * LOW HITPOINT WARNING * * *
You take 1 damage, and have 2/18 hp.
Your unstable footing causes you to fumble your attack.
The adder bites you but does no damage.
You closely miss the adder.
The adder is severely wounded.
The adder bites you.
You die...

.█. ... █.█ ... █.█
█.█ ████████.██
∩≈≈≈≈≈S@..███.█
████████......█...█
██.█████...█
█..████...█ █
████........█
█.██....█████..█
▲........█ █..█
█.██...█.████..█
█..............█


You could see an adder.

Vanquished Creatures
  A worm (D:5)
1 creature vanquished.

Notes
Turn   | Place    | Note
-------+----------+-------------------------------------------
     0 | D:5      | Goblin1989 the Demonspawn Delver began the quest for the
                  | Orb.
     0 | D:5      | Reached XP level 1. HP: 18/18 MP: 1/1
    87 | D:5      | Found a glowing drain.
    98 | D:5      | Slain by an adder

Illustrated notes

Levels and vault maps discovered:
D:4:      layout_cave_pods, minmay_temple_entry_trees, nicolae_wormholes
D:5:      layout_basic, portal_sewer_entry_d

Action                   || total
-------------------------++-------
Melee: Short sword       ||    24
Armor: Leather armour    ||     2
Dodge: Dodged            ||    12

Table legend: (Time is in decaauts)
 A = Elapsed time spent in this place.
 B = Non-inter-level travel time spent in this place.
 C = Inter-level travel time spent in this place.
 D = Time resting spent in this place.
 E = Time spent auto-exploring this place.
 F = Levels seen in this place.
 G = Mean time per level.
                   A        B        C        D        E       F      G
               +--------+--------+--------+--------+--------+-----+--------+
         Total |     98 |     98 |      0 |      0 |      0 |   2 |   49.0 |
       Dungeon |     98 |     98 |      0 |      0 |      0 |   2 |   49.0 |
               +--------+--------+--------+--------+--------+-----+--------+

Top non-repeatable levels by time:
     D:5: 97 daAuts
     D:4: 1 daAuts
